Map: Ever Dream LE

Players

Rail - Winner!

  • Race: Protoss Protoss
  • League: Grandmaster
  • Spawn Location: 7:00

SKillous

  • Race: Protoss Protoss
  • League: Grandmaster
  • Spawn Location: 1:00

Event: DreamHack SC2 Masters 2020 Summer Europe

VOD

Have the link to the VOD?

Description

Time

  • Played on: June 25, 2020, 12:58 p.m.
  • Length: 21:03

All games in this series

Show
View Real Time Build Order
Export as new Build Order

Rail Protoss - Winner!

Build Orders: Oracle Opening 

Get SALT Encoding   

  12  0:00  Probe  
  13  0:13  Probe  
  14  0:18  Pylon  
  14  0:24  Probe  
  15  0:32  Probe  
  15  0:36  Gateway  
  15  0:40  Probe  
  16  0:46  Assimilator  
  17  0:51  Probe  
  17  0:54  Assimilator  
  18  1:00  Probe  
  19  1:08  Gateway, Probe  
  19  1:17  Probe  
  20  1:25  Cybernetics Core  
  21  1:29  Probe  
  22  1:37  Pylon  
  22  1:41  Probe  
  23  1:55  Probe  
  23  2:01  Sentry, Stalker, Warp Gate  
  28  2:07  Pylon, Probe  
  29  2:35  Stargate  
  29  2:36  Stalker  
  31  2:50  Nexus  
  31  2:55  Probe  
  32  3:02  Shield Battery  
  32  3:07  Stalker  
  32  3:09  Oracle  
  32  3:11  Probe  
  38  3:25  Pylon  
  38  3:29  Shield Battery  
  38  3:36  Shield Battery  
  38  3:38  Void Ray  
  42  3:55  Pylon  
  42  3:57  Sentry  
  42  3:59  Zealot  
  46  4:03  Probe  
  46  4:05  Pylon  
  47  4:12  Void Ray  
  45  4:23  Zealot  
  51  4:25  Zealot  
  53  4:36  Pylon  
  53  4:41  Gateway  
  53  4:49  Zealot  
  53  4:51  Void Ray  
  54  5:22  Zealot  
  54  5:28  Void Ray  
  56  5:30  Pylon  
  58  5:45  Zealot  
  58  5:49  Gateway  
  60  5:53  Robotics Facility  
  60  6:07  Zealot  
  60  6:10  Void Ray  
  66  6:18  Pylon  
  62  6:44  Probe  
  61  6:53  Void Ray  
  57  6:57  Observer  
  57  6:58  Zealot x2  
  62  7:09  Warp Prism  
  63  7:23  Nexus  
  63  7:25  Sentry, Stalker  
  63  7:29  Pylon  
  67  7:48  Stalker x2  
  71  8:12  Adept  
  73  8:14  Adept  
  73  8:16  Probe  
  64  8:31  Probe  
  51  8:35  Adept x2  
  51  8:37  Probe  
  56  8:46  Robotics Bay  
  56  8:47  Probe  
  57  8:50  Probe  
  58  8:59  Probe  
  58  9:01  Adept  
  58  9:02  Adept, Probe  
  60  9:05  Oracle  
  60  9:10  Assimilator x2  
  64  9:18  Shield Battery  
  64  9:20  Probe  
  64  9:26  Observer  
  65  9:38  Disruptor  
  63  9:41  Gateway  
  63  9:44  Gateway  
  61  9:48  Pylon  
  61  9:51  Adept  
  66  9:53  Adept  
  60  10:07  Immortal  
  60  10:12  Shield Battery  
  58  10:14  Adept  
  61  10:23  Adept  
  61  10:29  Shield Battery  
  61  10:34  Pylon  
  61  10:38  Adept  
  55  10:50  Adept, Disruptor  
  55  10:52  Probe  
  55  10:59  Probe  
  55  11:02  Adept  
  58  11:04  Probe  
  56  11:11  Probe  
  56  11:12  Adept  
  56  11:15  Probe  
  58  11:23  Probe  
  59  11:31  Probe  
  59  11:32  Warp Prism  
  61  11:36  Probe  
  63  11:41  Probe  
  63  11:44  Probe  
  64  11:49  Probe  
  66  11:58  Probe  
  66  12:00  Sentry  
  69  12:01  Probe  
  69  12:04  Sentry  
  69  12:07  Disruptor  
  75  12:13  Robotics Facility, Probe  
  76  12:16  Probe  
  78  12:32  Sentry  
  78  12:34  Stalker  
  81  12:43  Immortal  
  83  12:53  Immortal  
  80  12:59  Adept x2  
  80  13:21  Stalker x2  
  80  13:27  Immortal  
  80  13:32  Immortal  
  86  13:45  Stalker x2  
  86  14:09  Immortal  
  90  14:12  Immortal  
  90  14:13  Twilight Council  
  94  14:28  Phoenix  
  94  14:43  Warp Prism  
  94  14:49  Charge  
  94  14:52  Immortal  
  100  14:56  Phoenix  
  100  15:05  Pylon  
  102  15:12  Pylon  
  102  15:19  Phoenix  
  104  15:40  Pylon  
  100  15:44  Zealot x3  
  104  16:05  Colossus  
  107  16:34  Nexus  
  107  16:39  Colossus  
  102  16:51  Pylon  
  105  17:09  Templar Archives  
  105  17:14  Observer  
  105  17:21  Shield Battery  
  106  17:25  Disruptor  
  109  17:47  Assimilator  
  109  17:49  High Templar x2  
  109  17:50  High Templar  
  115  17:52  Assimilator, High Templar  
  115  17:56  Archon  
  115  17:57  Archon  
  117  17:59  Pylon  
  117  18:01  Protoss Ground Weapons Level 1  
  117  18:06  Forge  
  117  18:13  Probe x2  
  117  18:15  Probe  
  120  18:23  Colossus  
  126  18:32  Probe  
  126  18:33  Pylon  
  127  18:34  High Templar x2  
  127  18:40  Archon  
  131  18:52  Gateway  
  131  18:54  Gateway  
  131  19:00  Gateway  
  131  19:06  High Templar  
  131  19:09  High Templar  
  135  19:12  Photon Cannon  
  135  19:14  Archon  
  135  19:17  Photon Cannon  
  135  19:28  High Templar x2  
  135  19:30  Warp Prism  
  141  19:33  Archon  
  141  19:37  Observer  
  142  19:39  Gateway  
  142  19:50  Phoenix, Zealot x2  
  146  19:56  Zealot x2  
  150  20:02  High Templar x2  
  150  20:05  Pylon  
  150  20:06  Archon  
  154  20:09  Zealot  
  156  20:14  Zealot  
  156  20:19  Zealot  
  148  20:52  Zealot x4  
  148  20:54  Zealot x3  
  138  20:58  Zealot  
Show
View Real Time Build Order
Export as new Build Order

SKillous Protoss 

Build Orders: Zealot Archon 

Get SALT Encoding   

  12  0:01  Probe  
  13  0:14  Probe  
  14  0:17  Pylon  
  14  0:25  Probe  
  15  0:33  Probe  
  15  0:37  Gateway  
  15  0:41  Probe  
  16  0:47  Assimilator  
  17  0:52  Probe  
  17  0:55  Assimilator  
  18  1:00  Probe  
  18  1:09  Probe  
  18  1:11  Gateway  
  20  1:19  Probe  
  21  1:26  Cybernetics Core  
  21  1:31  Probe  
  22  1:36  Pylon  
  22  1:43  Probe  
  23  2:03  Robotics Facility  
  23  2:07  Stalker x2  
  27  2:14  Warp Gate  
  27  2:18  Pylon  
  26  2:37  Stalker x2  
  26  2:41  Immortal  
  30  2:57  Pylon  
  34  3:09  Sentry  
  34  3:10  Warp Prism  
  38  3:38  Pylon  
  38  3:45  Immortal  
  42  3:49  Shield Battery  
  42  4:02  Stalker  
  42  4:19  Sentry  
  48  4:27  Observer  
  48  4:34  Stalker  
  47  4:48  Twilight Council  
  47  4:49  Probe  
  48  5:04  Probe  
  48  5:05  Stalker  
  48  5:06  Observer  
  51  5:16  Probe  
  52  5:23  Sentry  
  54  5:28  Probe  
  55  5:48  Dark Shrine  
  55  5:54  Pylon  
  55  5:57  Observer  
  55  5:58  Pylon  
  55  6:07  Nexus  
  55  6:34  Sentry  
  55  6:35  Stalker  
  55  6:39  Observer  
  39  6:59  Gateway  
  39  7:00  Gateway  
  38  7:04  Probe  
  38  7:09  Stalker x2  
  38  7:14  Pylon  
  42  7:16  Shield Battery  
  42  7:17  Shield Battery  
  44  7:27  Probe  
  44  7:34  Shield Battery  
  43  7:37  Dark Templar  
  43  7:38  Dark Templar  
  43  7:39  Shield Battery  
  43  7:41  Shield Battery  
  43  7:42  Archon  
  47  7:51  Probe  
  47  7:56  Dark Templar  
  50  8:00  Dark Templar  
  50  8:03  Probe  
  50  8:04  Archon  
  54  8:06  Zealot  
  56  8:16  Zealot  
  51  8:34  Stalker x3  
  49  8:42  Stalker  
  49  8:46  Probe x2  
  52  8:51  Stalker  
  50  8:58  Probe x2  
  50  9:02  Adept  
  53  9:09  Adept x2  
  57  9:11  Pylon  
  57  9:13  Probe x2  
  59  9:25  Probe  
  59  9:27  Adept  
  59  9:28  Adept  
  59  9:29  Probe  
  65  9:37  Probe  
  65  9:39  Stalker  
  65  9:43  Pylon  
  65  9:45  Probe  
  68  9:53  Probe  
  68  9:54  Pylon  
  65  10:08  Probe  
  65  10:13  Adept x4, Blink  
  73  10:27  Probe  
  73  10:28  Shield Battery  
  72  10:30  Probe  
  67  10:39  Stalker, Probe  
  70  10:42  Probe  
  70  10:49  Stalker x2  
  71  10:51  Probe  
  71  10:55  Probe  
  65  11:03  Probe  
  51  11:18  Assimilator  
  51  11:19  Gateway, Stalker x2  
  51  11:21  Gateway  
  51  11:22  Assimilator  
  51  11:24  Stalker  
  55  11:29  Stalker  
  57  11:42  Stalker x2  
  57  11:43  Stalker  
  63  11:49  Stalker  
  65  12:01  Stalker x2  
  65  12:02  Pylon  
  65  12:07  Stalker  
  71  12:12  Stalker  
  73  12:16  Robotics Facility  
  73  12:22  Stalker  
  74  12:30  Stalker  
  74  12:31  Stalker  
  78  12:47  Nexus  
  56  13:00  Stalker, Observer  
  56  13:04  Stalker  
  53  13:08  Probe  
  53  13:11  Probe  
  56  13:18  Probe  
  49  13:23  Probe  
  49  13:26  Probe  
  51  13:33  Stalker  
  54  13:37  Probe  
  54  13:40  Probe  
  54  13:45  Probe  
  54  13:48  Probe  
  51  14:06  Stalker  
  51  14:07  Probe  
  51  14:08  Probe  
  54  14:12  Probe  
  55  14:19  Probe  
  55  14:20  Probe  
  56  14:24  Probe  
  56  14:30  Charge  
  57  14:34  Probe  
  57  14:36  Probe  
  57  14:37  Probe  
  56  14:47  Probe  
  56  14:48  Templar Archives, Probe  
  59  14:55  Probe  
  58  15:03  Stalker  
  58  15:05  Stalker, Probe  
  58  15:06  Probe  
  62  15:07  Probe  
  62  15:13  Probe  
  64  15:19  Probe  
  67  15:27  Pylon  
  66  15:29  High Templar x3  
  66  15:31  Probe  
  66  15:34  Archon  
  73  15:36  High Templar  
  73  15:37  Zealot x2  
  77  15:43  Probe  
  77  15:44  Probe  
  71  16:03  Stalker  
  71  16:04  Stalker x2  
  77  16:08  Pylon  
  77  16:17  Stalker  
  77  16:18  Zealot x2  
  83  16:19  Probe x2  
  83  16:21  Probe  
  67  16:27  Probe  
  67  16:30  Probe  
  67  16:33  Probe  
  67  16:35  Probe  
  67  16:37  Zealot x3  
  67  16:38  Probe  
  75  16:45  Probe  
  75  16:49  Zealot x3  
  75  16:51  Probe  
  78  16:55  Probe  
  78  16:57  Probe  
  80  17:03  Probe  
  80  17:06  Pylon  
  82  17:09  High Templar x2  
  82  17:13  Archon  
  82  17:14  Shield Battery  
  85  17:18  Adept x2  
  89  17:23  Pylon  
  89  17:25  Sentry  
  89  17:27  Zealot  
  93  17:31  Warp Prism  
  91  17:38  Probe  
  92  17:45  Probe x2  
  92  17:46  Probe  
  92  17:47  Assimilator  
  93  17:52  Assimilator  
  93  17:53  Forge  
  93  17:54  Probe  
  93  17:57  Probe  
  95  18:02  Immortal  
  95  18:06  Protoss Ground Weapons Level 1  
  95  18:17  Pylon  
  99  18:31  Adept  
  99  18:32  Adept  
  99  18:34  Immortal  
  103  18:35  Zealot x4  
  115  18:48  Probe  
  116  19:02  High Templar  
  116  19:03  High Templar, Zealot x4  
  124  19:10  Immortal  
  124  19:11  Pylon  
  128  19:35  Archon  
  128  19:38  Nexus  
  128  19:39  High Templar  
  128  19:40  High Templar  
  130  19:48  Archon  
  130  19:50  Pylon  
  130  19:59  Observer  
  131  20:01  High Templar x2  
  131  20:02  Zealot x2  
  131  20:05  Archon  
  139  20:23  Zealot  
  139  20:25  Observer  
  136  20:43  Zealot x6  
Tags
 
Add a new tag
Caveats
  • Supply blocks, unpowered buildings, or Contaminate may cause inaccurate times.
  • Supply counts are checked every 10 seconds.